 Dungeon Crawl Stone Soup version 0.30-b1-2-g02819fbbbe (webtiles) character file.

Game seed: 13760708301312369680

116007 Alarkh the Marksdemonspawn (level 16, -3/129 HPs)
             Began as a Demonspawn Hexslinger on July 8, 2023.
             Was an Elder of Uskayaw.
             Killed from afar by Nikola (64 damage)
             ... with an arc of chain lightning
             ... on level 1 of the Swamp.
             The game lasted 00:58:40 (31484 turns).

Alarkh the Marksdemonspawn (Demonspawn Hexslinger) Turns: 31484, Time: 00:58:41

Health: -3/129     AC:  7    Str: 13    XL:     16   Next: 19%
Magic:  13/29      EV: 16    Int: 20    God:    Uskayaw [****..]
Gold:   82         SH:  0    Dex: 16    Spells: 23/33 levels left

rFire   + + +        b - +0 longbow (heavy)
rCold   + + +        (shield currently unavailable)
rNeg    . . .        G - +2 leather armour {rC+}
rPois   +            F - +0 mask of the Dragon {Will+ Slay+3 SInv}
rElec   +            d - +0 cloak
rCorr   +            (gloves unavailable)
SInv    +            M - +0 pair of boots
Will    +++..        r - amulet of regeneration
Stlth   +            h - ring of poison resistance
HPRegen 1.21/turn    T - ring of Zajeat {rF++ rC+ Will+ Str+2}
MPRegen 0.21/turn

%: no passive effects
@: resistant, portalling projectiles, hasted, quick
A: claws 3, repulsion field 2, demonic guardian 1, powered by death 1
a: Renounce Religion, Stomp, Line Pass


You were on level 1 of the Swamp.
You worshipped Uskayaw.
Uskayaw was pleased with you.
You visited 5 branches of the dungeon, and saw 24 of its levels.
You also visited: Ossuary, Bailey and Volcano.

You collected 2550 gold pieces.
You spent 2468 gold pieces at shops.

Inventory:

Hand Weapons
 a - a +7 heavy triple crossbow
 b - a +0 heavy longbow (weapon)
Missiles
 w - 3 throwing nets
 V - 9 curare-tipped darts
Armour
 d - a +0 cloak (worn)
 F - the +0 mask of the Dragon (worn) {Will+ Slay+3 SInv}
   (You bought it in a shop on level 1 of the Dungeon)

   Slay:      It affects your accuracy & damage with ranged weapons and melee
   (+3).
   SInv:      It lets you see invisible.
   Will:      It increases your willpower.
 G - a +2 leather armour of cold resistance (worn)
 M - a +0 pair of boots (worn)
Jewellery
 e - a ring of protection from cold
 f - a ring of flight
 h - a ring of poison resistance (left claw)
 l - a ring of positive energy
 r - an amulet of regeneration (around neck)
 s - a ring of willpower
 x - an amulet of reflection
 T - the ring of Zajeat (right claw) {rF++ rC+ Will+ Str+2}
   (You found it on level 1 of the Lair of Beasts)

   [ring of willpower]

   Str:       It affects your strength (+2).
   rF:        It greatly protects you from fire.
   rC:        It protects you from cold.
   Will:      It increases your willpower.
Wands
 k - a wand of charming (11)
 n - a wand of digging (3)
 t - a wand of polymorph (13)
 v - a wand of quicksilver (9)
 z - a wand of mindburst (20)
 D - a wand of flame (47)
 P - a wand of iceblast (2)
Scrolls
 i - a scroll of fog
 j - 3 scrolls of immolation
 y - 5 scrolls of identify
 A - 2 scrolls of blinking
 B - 5 scrolls of poison
 C - 2 scrolls of torment
 H - 2 scrolls of teleportation
 N - a scroll of vulnerability
 O - 2 scrolls of enchant armour
 Q - a scroll of amnesia
 R - 2 scrolls of magic mapping
Potions
 c - a potion of mutation
 g - 4 potions of heal wounds
 m - 2 potions of flight
 o - 15 potions of curing
 p - a potion of magic
 u - 5 potions of brilliance
 E - a potion of ambrosia
 J - 2 potions of berserk rage
 L - 3 potions of haste
 S - 7 potions of might
 U - a potion of invisibility
Miscellaneous
 K - a lightning rod (4/4)
 W - a piece from Xom's chessboard (15/15)


   Skills:
 + Level 12.4 Fighting
 * Level 17.0 Ranged Weapons
 + Level 3.6 Armour
 + Level 4.6 Dodging
 + Level 2.7 Stealth
 * Level 3.4 Unarmed Combat
 + Level 9.1 Spellcasting
 + Level 10.4 Hexes
 + Level 2.9 Translocations
 + Level 12.2 Invocations


You had 23 spell levels left.
You knew the following spells:

 Your Spells              Type           Power      Damage    Failure   Level
a - Portal Projectile     Hex/Tloc       70%        N/A       1%          3
c - Cause Fear            Hex            25%        N/A       1%          4
e - Inner Flame           Hex/Fire       30%        N/A       3%          3

Your spell library contained the following spells:

 Spells                   Type           Power      Damage    Failure   Level
 Slow                     Hex            100%       N/A       1%          1
 Confusing Touch          Hex            50%        N/A       1%          3
 Apportation              Tloc           40%        N/A       2%          1
 Foxfire                  Conj/Fire      36%        2x1d5     10%         1
 Magic Dart               Conj           36%        1d4       10%         1
 Fulminant Prism          Conj/Hex       15%        3d10      11%         4
 Call Imp                 Summ           18%        N/A       14%         2
 Searing Ray              Conj           18%        2d5       14%         2
 Vhi's Electric Charge    Tloc/Air       28%        N/A       16%         3
 Hailstorm                Conj/Ice       9%         3d4       28%         3
 Ignite Poison            Fire/Tmut/Pois 9%         N/A       28%         3
 Mephitic Cloud           Conj/Pois/Air  9%         N/A       28%         3
 Iskenderun's Mystic Bla  Conj/Tloc      14%        2d5       45%         4
 Olgreb's Toxic Radiance  Pois           9%         N/A       67%         4
 Petrify                  Tmut/Erth      9%         N/A       67%         4
 Alistair's Intoxication  Tmut/Pois      6%         N/A       95%         5
 Arcjolt                  Conj/Air       4%         1d14      95%         5
 Conjure Ball Lightning   Conj/Air       4%         3x3d6     100%        6
 Plasma Beam              Fire/Air       4%         2x1d16    100%        6
 Spellforged Servitor     Conj/Summ      4%         N/A       100%        7
 Discord                  Hex            25%        N/A       100%        8
 Disjunction              Tloc           10%        N/A       100%        8
 Ignition                 Fire           4%         3d4       100%        8


Dungeon Overview and Level Annotations

Branches:
Dungeon (15/15)            Temple (1/1) D:7            Lair (5/5) D:10
  Swamp (1/4) Lair:3       Spider (0/4) Lair:3        Slime (0/5) Lair:4
    Orc (2/2) D:10            Elf (0/3) Orc:2        Vaults (0/5) D:14
 Depths (0/4) D:15        Ossuary (visited)          Bailey (visited)
Volcano (visited)

Altars:
Ashenzari
Cheibriados
Dithmenos
Fedhas
Gozag
Hepliaklqana
Kikubaaqudgha
Makhleb
Nemelex Xobeh
Okawaru
Qazlal
Ru
Sif Muna
Trog
Uskayaw
Vehumet
Wu Jian
Xom
Yredelemnul
Jiyva

Shops:
D:1 [?*(=   Orc:2 [(:(!

Annotations:
Lair:1 Amaemon
Swamp:1 Nikola


Innate Abilities, Weirdness & Mutations

You have claws for hands.
You are surrounded by a moderate repulsion field. (EV +3)
A weak demonic guardian rushes to your aid.
You regenerate a little health from kills.


Message History

You magically shoot an arrow.
The arrow hits Nikola but does no damage.
Nikola is heavily wounded.
Nikola drinks a potion.
Nikola is healed!
You magically shoot an arrow.
The arrow hits Nikola!!!
Nikola is severely wounded.
You are no longer teleporting projectiles to their destination.
Nikola points at you and mumbles some strange words.
The bolt of lightning hits you! You resist.
A demonic guardian appears!
You hear a hideous shriek!
Uskayaw will force your foes to share their pain.
You shoot an arrow. The arrow hits Nikola.
Nikola is severely wounded.
Nikola mumbles some strange words.
Lightning arcs from Nikola's hands!
The bolt of lightning hits your ice devil!!!!
Your ice devil dies!
Your ice devil disappears in a puff of smoke!
A bolt of lightning appears from out of thin air!
The bolt of lightning hits Nikola!
The bolt of lightning hits you! You resist.
You hear a shout! x2
Casting: Portal Projectile (safe; 1% risk of failure)
Confirm with . or Enter, or press ? or * to list all spells.
You begin teleporting projectiles to their destination.
Unknown command.
You magically shoot an arrow.
The arrow barely misses Nikola.
Nikola hits you with a +2 rapier of electrocution.
You magically shoot an arrow.
The arrow hits Nikola!
Nikola is severely wounded.
Nikola gestures wildly while chanting.
Lightning arcs from Nikola's hands!
The bolt of lightning hits you!!! You resist.
A bolt of lightning appears from out of thin air!
The bolt of lightning hits Nikola.
You magically shoot an arrow.
The arrow hits Nikola!
Nikola is almost dead.
Nikola mumbles some strange words.
Lightning arcs from Nikola's hands!
The bolt of lightning hits you!!! You resist.
You die...

.♣♣♣ >.♣♣~ .§~
.~~♣♣♣.~~?♣♣♣♣
~~.?♣♣♣~~§♣~..~....♣
~~~~♣~....~~~......♣
.~......~~≈~~~..~~.♣
~~...~..~≈≈≈≈≈≈~.~~~
~~....~≈~≈≈≈≈≈~.~~.
♣~.≈~~.~~≈≈≈.~.♣
♣.~@@≈)<.≈≈~~~.♣
♣.~.≈≈≈~~~≈≈~.~.♣
♣~.~~≈≈≈≈≈≈≈~...♣
♣♣..~≈≈≈≈≈≈~~.~.♣
♣.~♣~.~≈~≈~~~~~.♣
♣....~...~~.[~..♣♣
§.♣.?.~~...~♣♣♣♣♣♣
.♣♣..~~...~♣♣


You could see Nikola.

Vanquished Creatures
  Gastronok (Lair:3)
  Josephine (Orc:1)
  Fannar (D:12)
  2 rakshasas (D:15)
  5 ogre magi
  Erolcha (D:11)
  3 hydras
  A catoblepas (Lair:5)
  4 centaur warriors
  16 two-headed ogres
  3 boulder beetles
  A dancing weapon (D:8)
  A tengu warrior (D:14)
  The ghost of BerneyBell the Slicer, a novice DsFi of Gozag (D:8)
  4 death yaks
  Sonja (Lair:4)
  Urug (Lair:5)
  2 bog bodies
  2 glowing orange brains
  4 lindwurms
  2 orc knights (Orc:1)
  23 ugly things
  2 orc sorcerers (Orc:2)
  4 cyclopes
  2 manticores
  8 elephants
  A toenail golem (Volcano)
  4 demonic crawlers (D:12)
  A water nymph (shapeshifter) (D:15)
  3 black mambas
  4 gargoyles
  Joseph (D:9)
  Maurice (D:12)
  A molten gargoyle (Volcano)
  A torpor snail (Lair:5)
  Maggie (D:8)
  15 cane toads
  7 komodo dragons
  An orange demon (Lair:2)
  An unseen horror (D:12)
  4 rime drakes
  3 efreet
  3 tengu conjurers (D:14)
  A polar bear (Lair:1)
  5 trolls
  5 meliai
  2 hornets
  A blink frog (shapeshifter) (D:15)
  17 blink frogs
  6 dream sheep (Lair:4)
  9 slime creatures
  Sigmund (D:4)
  A shadow (D:12)
  A culicivora (shapeshifter) (D:12)
  5 wyverns
  A spriggan (Swamp:1)
  A water elemental (D:14)
  5 wraiths
  13 yaks
  3 basilisks
  2 vampires (D:12)
  3 fire elementals (Volcano)
  4 vampire mosquitoes (D:12)
  A steam dragon (D:9)
  Grum (D:8)
  2 wargs
  A floating eye (D:12)
  7 water moccasins
  3 acid dragons
  11 orc warriors
  2 sky beasts
  7 black bears
  8 ice beasts
  25 ogres
  23 wolves
  3 boggarts (D:15)
  10 centaurs
  A phantom (D:5)
  A kobold brigand (D:7)
  8 bullfrogs
  11 gnoll sergeants
  An elf zombie (Ossuary)
  3 earth elementals (Volcano)
  5 scorpions
  2 small abominations (D:12)
  2 wights (D:8)
  A hornet simulacrum (D:15)
  5 killer bees (D:8)
  10 howler monkeys
  2 electric eels (Lair:2)
  5 hounds
  A jelly (D:4)
  15 orc priests
  7 gnoll boudas
  23 orc wizards
  Ijyb (D:2)
  2 iguanas
  A sleepcap (D:8)
  14 hell rats
  A statue (D:3)
  3 mummies (Ossuary)
  33 gnolls
  12 adders
  3 shadow imps
  3 white imps
  An ufetubus (D:4)
  3 adder zombies (Ossuary)
  4 worms
  4 dart slugs
  71 orcs
  7 endoplasms
  7 giant cockroaches
  5 goblins
  3 hobgoblins
  A jackal (D:4)
  8 kobolds
  8 ball pythons
  7 bats
  5 frilled lizards
  3 goblin zombies (Ossuary)
  4 hobgoblin zombies (Ossuary)
  4 kobold zombies (Ossuary)
  2 rats
  3 rat zombies (Ossuary)
  5 fire vortices (Volcano)
669 creatures vanquished.

Vanquished Creatures (collateral kills)
  3 two-headed ogres
  A deep troll shaman (Lair:5)
  An ugly thing (D:14)
  A molten gargoyle (Volcano)
  A komodo dragon (Lair:3)
  A meliai (D:13)
  A gnoll sergeant (D:6)
  An iguana (D:4)
  Terence (D:3)
  A small abomination (D:12)
  5 gnolls
17 creatures vanquished.

Vanquished Creatures (others)
  A manticore (D:15)
  A human (D:4)
  A boggart (D:15)
  An adder (D:3)
  A kobold (D:4)
  2 bushes (Lair:5)
  20 fungi
  36 plants
63 creatures vanquished.

Grand Total: 749 creatures vanquished

Notes
Turn   | Place    | Note
-------+----------+-------------------------------------------
     0 | D:1      | Alarkh the Demonspawn Hexslinger began the quest for the
                  | Orb.
     0 | D:1      | Reached XP level 1. HP: 15/15 MP: 2/2
    95 | D:1      | Reached skill level 2 in Ranged Weapons
   116 | D:1      | Found Tuipsuak's Assorted Antiques.
   163 | D:1      | Found Lehacw's Antique Weapon Emporium.
   242 | D:1      | Found Veeffara's Jewellery Shoppe.
   263 | D:1      | Gained mutation: You have sharp fingernails. [demonic
                  | ancestry]
   263 | D:1      | Reached XP level 2. HP: 19/21 MP: 3/3
   403 | D:1      | Found a transporter.
   403 | D:1      | Found Keyb's Magic Scroll Shoppe.
   668 | D:1      | Found a transporter.
   730 | D:1      | Found Gien's Antique Armour Emporium.
   899 | D:2      | Gained mutation: A weak demonic guardian rushes to your
                  | aid. [demonic ancestry]
   899 | D:2      | Reached XP level 3. HP: 27/27 MP: 4/4
   992 | D:2      | Found a faded altar of an unknown god.
  1016 | D:2      | Reached skill level 3 in Ranged Weapons
  1725 | D:3      | Noticed Terence
  1726 | D:3      | Noticed Ijyb
  1806 | D:3      | Gained mutation: You are surrounded by a mild repulsion
                  | field. (EV +2) [demonic ancestry]
  1806 | D:3      | Reached XP level 4. HP: 33/33 MP: 5/5
  1850 | D:3      | Killed Terence
  1951 | D:2      | Killed Ijyb
  1952 | D:2      | Reached skill level 4 in Ranged Weapons
  2136 | D:3      | Reached XP level 5. HP: 11/40 MP: 6/6
  2623 | D:3      | Found a radiant altar of Vehumet.
  2623 | D:3      | Noticed a charred statue
  3282 | D:4      | Reached XP level 6. HP: 43/47 MP: 7/7
  3419 | D:4      | Reached skill level 5 in Ranged Weapons
  3617 | D:4      | Found a shimmering altar of Xom.
  3879 | D:4      | Noticed Sigmund
  3914 | D:4      | Killed Sigmund
  3915 | D:4      | Reached XP level 7. HP: 33/54 MP: 8/8
  4255 | D:1      | Bought a glowing triple crossbow for 273 gold pieces
  4762 | D:4      | Found an ancient bone altar of Kikubaaqudgha.
  4766 | D:4      | Noticed a human
  4767 | D:4      | Killed a human
  4858 | D:5      | Entered Level 5 of the Dungeon
  4875 | D:5      | Reached skill level 6 in Ranged Weapons
  5216 | D:5      | Found a sparkling altar of Nemelex Xobeh.
  5284 | D:5      | Reached skill level 5 in Fighting
  5477 | D:5      | Reached skill level 7 in Ranged Weapons
  5496 | D:5      | Learned a level 3 spell: Portal Projectile
  5537 | D:5      | Gained mutation: You have very sharp fingernails. [demonic
                  | ancestry]
  5537 | D:5      | Reached XP level 8. HP: 62/62 MP: 9/9
  6614 | D:6      | Reached skill level 8 in Ranged Weapons
  6647 | D:6      | Got the Tractate on the Polar Oath
  6824 | D:1      | Bought a runed leather armour for 100 gold pieces
  6904 | D:6      | Found an iron altar of Okawaru.
  7388 | D:7      | Found a sand-covered staircase.
  7393 | Ossuary  | Entered an ossuary
  7397 | Ossuary  | Reached skill level 9 in Ranged Weapons
  7472 | Ossuary  | Gained mutation: You are surrounded by a moderate repulsion
                  | field. (EV +3) [demonic ancestry]
  7472 | Ossuary  | Reached XP level 9. HP: 67/71 MP: 10/10
  7671 | D:7      | Found a flagged portal.
  7689 | Bailey   | Entered a bailey
  7833 | Bailey   | Reached skill level 10 in Ranged Weapons
  8415 | Bailey   | Got the Directory of Alteration
  8596 | D:7      | Found a shadowy altar of Dithmenos.
  8625 | D:7      | Found a staircase to the Ecumenical Temple.
  8643 | Temple   | Entered the Ecumenical Temple
  8789 | Temple   | Became a worshipper of Uskayaw the Reveller
  8858 | D:7      | Found an opulent altar of Gozag.
  8899 | D:7      | Reached * piety under Uskayaw
  9021 | D:7      | Reached ** piety under Uskayaw
  9022 | D:7      | Reached XP level 10. HP: 80/80 MP: 13/13
  9249 | D:8      | Found a runed translucent door.
  9283 | D:8      | Reached skill level 1 in Invocations
  9288 | D:8      | Reached *** piety under Uskayaw
  9322 | D:8      | Noticed Maggie
  9331 | D:8      | Killed Maggie
  9411 | D:8      | Reached skill level 11 in Ranged Weapons
  9528 | D:8      | Noticed Grum
  9651 | D:8      | Noticed BerneyBell's ghost (novice DsFi)
  9652 | D:8      | Found a shimmering altar of Xom.
  9652 | D:8      | Noticed a +2 whip of chaos
  9747 | D:8      | Reached **** piety under Uskayaw
  9750 | D:8      | Reached ***** piety under Uskayaw
  9851 | D:8      | Noticed a two-headed ogre
 10062 | D:8      | Killed Grum
 10063 | D:8      | Reached skill level 5 in Hexes
 10193 | D:8      | Killed a two-headed ogre
 10577 | D:9      | Noticed Joseph
 10887 | D:9      | Killed Joseph
 10888 | D:9      | Reached XP level 11. HP: 54/89 MP: 17/17
 11502 | D:10     | Entered Level 10 of the Dungeon
 11705 | D:10     | Paralysed by a hornet for 2 turns
 11861 | D:10     | Reached skill level 5 in Invocations
 12030 | D:10     | Reached skill level 12 in Ranged Weapons
 12044 | D:10     | Found a staircase to the Lair.
 12474 | D:10     | Identified the staff of earth "Zatush" {rF- rC++ Stlth+}
 12586 | D:10     | Found a staircase to the Orcish Mines.
 12636 | D:11     | Noticed a brown ugly thing
 12644 | D:11     | Killed a brown ugly thing
 12668 | D:11     | Noticed a boulder beetle
 12774 | D:11     | Killed a boulder beetle
 13032 | D:11     | Noticed Erolcha
 13149 | D:11     | Killed Erolcha
 13150 | D:11     | Reached skill level 5 in Spellcasting
 13285 | Lair:1   | Entered Level 1 of the Lair of Beasts
 13430 | Lair:1   | Identified the ring of Zajeat {rF++ rC+ Will+ Str+2}
 13900 | Lair:1   | Gained mutation: You have claws for hands. [demonic
                  | ancestry]
 13900 | Lair:1   | Reached XP level 12. HP: 38/97 MP: 14/20
 14111 | Lair:1   | Noticed a death yak
 14124 | Lair:1   | Killed a death yak
 14126 | Lair:1   | Reached skill level 10 in Fighting
 14429 | Lair:1   | Reached skill level 13 in Ranged Weapons
 15013 | Lair:2   | Noticed Amaemon
 16353 | Lair:3   | Found a staircase to the Swamp.
 16528 | Lair:3   | Noticed Gastronok
 16541 | Lair:3   | Killed Gastronok
 16759 | Lair:3   | Noticed a boulder beetle
 16771 | Lair:3   | Killed a boulder beetle
 16772 | Lair:3   | Reached XP level 13. HP: 71/104 MP: 15/23
 17369 | Lair:3   | Found a hole to the Spider Nest.
 17579 | Lair:4   | Found a dark tunnel.
 17633 | Volcano  | Entered a volcano
 17797 | Volcano  | Reached skill level 14 in Ranged Weapons
 18585 | Lair:4   | Noticed Sonja
 18589 | Lair:4   | Killed Sonja
 18756 | Lair:4   | Identified the +10 plate armour "Qurunir" {rF+ Int+3 SInv}
 18886 | Lair:4   | Found a viscous altar of Jiyva.
 18886 | Lair:4   | Found a staircase to the Slime Pits.
 19428 | Lair:4   | Reached skill level 15 in Ranged Weapons
 19428 | Lair:4   | Reached XP level 14. HP: 113/113 MP: 24/24
 19458 | Lair:5   | Entered Level 5 of the Lair of Beasts
 19803 | Lair:5   | Reached skill level 10 in Invocations
 19809 | Lair:5   | Noticed Urug
 20086 | D:1      | Bought the +0 mask of the Dragon {Will+ Slay+3 SInv} for
                  | 835 gold pieces
 20086 | D:1      | Found the +0 mask of the Dragon {Will+ Slay+3 SInv}
 20086 | D:1      | Bought a potion of heal wounds for 125 gold pieces
 20086 | D:1      | Bought a potion of heal wounds for 125 gold pieces
 20434 | Lair:5   | Killed Urug
 20451 | Lair:5   | Reached ****** piety under Uskayaw
 21853 | D:12     | Reached skill level 16 in Ranged Weapons
 21920 | D:12     | Noticed Maurice
 21924 | D:12     | Killed Maurice
 21966 | D:12     | Reached skill level 1 in Stealth
 22455 | D:12     | Got the Anthology of Force
 22525 | D:12     | Gained mutation: You regenerate a little health from kills.
                  | [demonic ancestry]
 22525 | D:12     | Reached XP level 15. HP: 54/119 MP: 27/27
 23314 | D:12     | Noticed Fannar
 23333 | D:12     | Killed Fannar
 23890 | D:1      | Bought a ring of flight for 210 gold pieces
 24722 | D:13     | Reached skill level 1 in Armour
 25322 | D:14     | Found a gate to the Vaults.
 25365 | D:14     | Found a broken altar of Ashenzari.
 25875 | D:14     | Learned a level 3 spell: Inner Flame
 25880 | D:14     | Learned a level 4 spell: Cause Fear
 26303 | D:15     | Entered Level 15 of the Dungeon
 26532 | D:15     | Reached skill level 1 in Translocations
 26651 | D:15     | Reached skill level 10 in Hexes
 27699 | D:15     | Reached skill level 1 in Unarmed Combat
 27976 | D:15     | Found a staircase to the Depths.
 28172 | Orc:1    | Entered Level 1 of the Orcish Mines
 28473 | D:8      | Killed BerneyBell's ghost
 28682 | Orc:1    | Noticed Josephine
 28697 | Orc:1    | Killed Josephine
 28959 | Orc:2    | Entered Level 2 of the Orcish Mines
 29333 | Orc:2    | Found a staircase to the Elven Halls.
 29662 | D:1      | Bought an amulet of regeneration for 360 gold pieces
 30213 | Orc:2    | Reached XP level 16. HP: 98/127 MP: 29/29
 30509 | Orc:2    | Found Sassu's Distillery.
 30519 | Orc:2    | Bought a potion of curing for 51 gold pieces
 30519 | Orc:2    | Bought a potion of haste for 170 gold pieces
 30547 | Orc:2    | Found Qaga's Antique Weapon Shoppe.
 30547 | Orc:2    | Found Gean's Book Shop.
 30548 | Orc:2    | Found Ofedgh Carpha's Weapon Shop.
 30548 | Orc:2    | Found Haowoq's Armour Emporium.
 30563 | Orc:2    | Reached skill level 17 in Ranged Weapons
 31081 | D:1      | Bought a scroll of enchant armour for 82 gold pieces
 31081 | D:1      | Bought a scroll of brand weapon for 104 gold pieces
 31081 | D:1      | Bought a scroll of teleportation for 33 gold pieces
 31421 | Swamp:1  | Entered Level 1 of the Swamp
 31467 | Swamp:1  | Noticed Nikola
 31484 | Swamp:1  | Killed from afar by Nikola

Illustrated notes

Levels and vault maps discovered:
D:1:      kilobyte_arrival_exit_the_forest, layout_loops_cross, serial_shops,
          nicolae_shop_drivethru, nicolae_shop_tiny_glass, shop,
          nicolae_shop_overgrown_old_shop, nicolae_shop_getting_attention
D:2:      layout_basic, shapermc_ecumenical_altar_totnotflames
D:3:      layout_rooms, vehumet_statue, minmay_pentangle, uniq_terence,
          uniq_ijyb
D:4:      layout_basic, tgw_kikubaaqudgha, xom_confusion_cloud,
          hangedman_abyss_or_decor_stabs, minmay_misc_feat_encased,
          solitary_fountain, uniq_sigmund
D:5:      layout_layer_cave, mainiacjoe_overflow_tiny_flanked
D:6:      layout_cave_pools, okawaru_metal_pillars_3
D:7:      layout_basic, mainiacjoe_overflow_alcove_1,
          grunt_dithmenos_smoke_and_mirrors, minmay_temple_entry_junction,
          nicolae_ossuary_entry_plus, enter_bailey_1
D:8:      minmay_s_stair_smasher, layout_basic, ebering_ghost_xom, uniq_grum,
          uniq_maggie
D:9:      layout_long_grid, uniq_joseph
D:10:     layout_loops_ring, hellmonk_lair_entry_icy, david_orc_4
D:11:     layout_cave_pools, uniq_erolcha
D:12:     cheibrodos_hippocracy, layout_irregular_city, uniq_maurice,
          uniq_fannar
D:13:     layout_basic
D:14:     layout_basic, david_vaults_2, minmay_misc_feat_columns,
          ashenzari_altar_1
D:15:     gammafunk_enter_depths_forms, layout_loops_ring, hex_medium
Temple:   nicolae_temple_superstar
Lair:1:   layout_regular_city, beast_lair_carwin_6
Lair:2:   layout_roguey, serial_bayou_shore_a, grunt_megastairs_1, uniq_amaemon
Lair:3:   layout_cave_pods, skrybe_swamp_entry_bodies,
          spider_nest_entry_web_field, beast_lair_carwin_8, uniq_gastronok
Lair:4:   layout_cave_pods, slime_entry_1, nicolae_volcano_entry_two_sided,
          uniq_sonja
Lair:5:   grunt_lair_end_beastmaster, layout_gridlike, uniq_urug
Swamp:1:  layout_basic_swamp, wheals_swamp_sinkhole, swamp_pool2,
          infiniplex_staircase_pool_2, uniq_nikola
Orc:1:    layout_diamond_mine, uniq_josephine
Orc:2:    st_orc_ogre_mass, layout_caves, basic_altar, serial_shops,
          nicolae_shop_hallway_plus

Skill      XL: |  1  2  3  4  5  6  7  8  9 10 11 12 13 14 15 16 |
---------------+-------------------------------------------------+-----
Ranged Weapons | 2 3 4 5 7 9 10 11 12 13 15 16 17 | 17.0
Fighting       | 2 3 4 5 6 8 9 10 11 12 | 12.4
Spellcasting   | 2 4 5 6 7 8 9 |  9.1
Hexes          | 5 6 8 9 10 | 10.4
Invocations    | 4 6 9 10 12 | 12.2
Dodging        | 2 4 |  4.6
Stealth        | 1 2 |  2.7
Armour         | 3 |  3.6
Translocations | 2 |  2.9
Unarmed Combat | 2 3 |  3.4

Action                     |  1- 3 |  4- 6 |  7- 9 | 10-12 | 13-15 | 16-18 || total
---------------------------+-------+-------+-------+-------+-------+-------++-------
   Fire: Sling             |   102 |   278 |    13 |       |       |       ||   393
         Triple crossbow   |       |       |   279 |   448 |   602 |    46 ||  1375
         Longbow           |       |       |       |       |       |    24 ||    24
   Cast: Portal Projectile |       |       |     4 |    24 |    32 |     3 ||    63
         Cause Fear        |       |       |       |       |     1 |       ||     1
 Invoke: Line Pass         |       |       |       |     1 |     2 |       ||     3
  Evoke: Wand              |       |     2 |       |     1 |     1 |       ||     4
    Use: Scroll            |       |    11 |    13 |     9 |    14 |     5 ||    52
         Potion            |       |     2 |       |     3 |     4 |     2 ||    11
 Armour: Robe              |    17 |    24 |       |       |       |       ||    41
         Ring mail         |       |    13 |    32 |       |       |       ||    45
         Leather armour    |       |       |    52 |    91 |    81 |     4 ||   228
  Dodge: Dodged            |    38 |    82 |   190 |   202 |   262 |    22 ||   796
  Block: Other             |       |       |       |       |    41 |       ||    41
         Reflection        |       |       |       |       |     5 |       ||     5
